 Dungeon Crawl Stone Soup version 0.31-a0-369-g8eba5f6939 (webtiles) character file.

Game seed: 2934219264020556298

11153 backslashecho the Grappler (level 11, 0/102 HPs)
             Began as a Troll Shapeshifter on July 29, 2023.
             Was the Champion of Uskayaw.
             Slain by Erolcha
             ... wielding a +0 giant club
              (15 damage)
             ... on level 10 of the Dungeon.
             The game lasted 00:26:59 (7366 turns).

backslashecho the Grappler (Troll Shapeshifter)     Turns: 7366, Time: 00:27:00

Health: 0/102      AC:  8    Str: 25    XL:     11   Next: 45%
Magic:  14/14      EV: 13    Int:  4    God:    Uskayaw [******]
Gold:   119        SH:  0    Dex: 14    Spells: 10/10 levels left

rFire   . .          .
                       - Unarmed
rCold   . . .        (no shield)
rNeg    . . .        H - +0 robe {Will+}
rPois   .            (helmet currently unavailable)
rElec   .            (cloak currently unavailable)
rCorr   .            (gloves unavailable)
SInv    .            (boots unavailable)
Will    ++...        e - amulet of the acrobat
Stlth   +            j - +4 ring of protection
HPRegen 1.17/turn    D - ring of willpower
MPRegen 0.14/turn

%: acrobat
@: beast-form
A: beast (slay +5), large, unfitting armour, claws 3, regeneration 1, shaggy fur
1, tough skin 1
a: Begin Untransformation, Renounce Religion, Stomp, Line Pass, Grand Finale


You were on level 10 of the Dungeon.
You worshipped Uskayaw.
Uskayaw was noncommittal.
You were a hulking beast.
You visited 2 branches of the dungeon, and saw 11 of its levels.

You collected 554 gold pieces.
You spent 435 gold pieces at shops.

Inventory:

Hand Weapons
 E - a +3 scimitar of flaming
Missiles
 f - 24 poisoned darts (quivered)
 w - 2 javelins
 G - a throwing net
Armour
 a - the +1 hat of the Lost Path {+Blink Fly rPois Int-2}
   (You bought it in a shop on level 9 of the Dungeon)

   Int:       It affects your intelligence (-2).
   rPois:     It protects you from poison.
   Fly:       It grants you flight.
   +Blink:    It lets you blink.
 z - the +2 robe "Tifais" {rElec}
   (You found it on level 6 of the Dungeon)

   rElec:     It insulates you from electricity.
 H - a +0 robe of willpower (worn)
Jewellery
 e - an amulet of the acrobat (around neck)
 j - a +4 ring of protection (left claw)
 s - a ring of protection from cold
 v - a +6 ring of strength
 D - a ring of willpower (right claw)
Talismans
 c - a beast talisman
Wands
 b - a wand of mindburst (12)
 r - a wand of digging (2)
 t - a wand of flame (22)
Scrolls
 d - a scroll of butterflies
 h - 7 scrolls of teleportation
 i - a scroll of noise
 m - 2 scrolls of enchant weapon
 o - 2 scrolls of blinking
 p - 2 scrolls of fear
 y - a scroll of enchant armour
 F - a scroll of identify
 I - a scroll of fog
Potions
 g - 5 potions of curing
 k - 4 potions of enlightenment
 l - 3 potions of degeneration {unknown}
 n - 2 potions of cancellation {unknown}
 u - a potion of attraction {unknown}
 x - 3 potions of mutation
 A - 2 potions of ambrosia {unknown}
 B - 2 potions of haste {unknown}
 C - 2 potions of brilliance {unknown}


   Skills:
 - Level 5.0 Fighting
 + Level 8.0 Dodging
 + Level 9.7 Unarmed Combat
 + Level 6.1 Invocations
 + Level 8.4 Shapeshifting


You had 10 spell levels left.
You didn't know any spells.
Your spell library contained the following spells:

 Spells                   Type           Power      Damage    Failure   Level
 Kiss of Death            Conj/Necr      0%         2d5       50%         1
 Magic Dart               Conj           0%         1d3       50%         1
 Call Imp                 Summ           0%         N/A       65%         2
 Searing Ray              Conj           0%         2d4       65%         2
 Confusing Touch          Hex            0%         N/A       86%         3
 Mephitic Cloud           Conj/Pois/Air  0%         N/A       86%         3
 Dispel Undead            Necr           0%         3d6       99%         4
 Fulminant Prism          Conj/Hex       0%         3d5       99%         4
 Chain Lightning          Conj/Air       0%         N/A       100%        9
 Fire Storm               Conj/Fire      0%         5d1       100%        9
 Shatter                  Erth           0%         3d5*      100%        9


Dungeon Overview and Level Annotations

Branches:
Dungeon (10/15)            Temple (1/1) D:6            Lair (0/5) D:8
    Orc: D:9-12

Altars:
Ashenzari
Cheibriados
Dithmenos
Elyvilon
Fedhas
Gozag
Hepliaklqana
Kikubaaqudgha
Makhleb
Nemelex Xobeh
Okawaru
Qazlal
Ru
Sif Muna
Trog
Uskayaw
Vehumet
Wu Jian
Xom
Yredelemnul
Zin
The Shining One

Shops:
D:2 [(*(:   D:9 [

Annotations:
D:7 2 transporters, Newt's ghost, novice MfFi
D:10 Erolcha


Innate Abilities, Weirdness & Mutations

You are a hulking beast.
Your limbs bulge with bestial killing power. (Slay +5)
You are too large for most types of armour.
You have claws for hands.
Your natural rate of healing is unusually fast.
You are covered in fur. (AC +1)
You have tough skin. (AC +1)


Message History

You barely miss the two-headed ogre.
The two-headed ogre is moderately wounded.
The two-headed ogre hits you with a +0 dire flail.
* * * LOW HITPOINT WARNING * * *
The two-headed ogre misses you.
You take 2 damage, and have 24/102 hp.
You feel much better.
You regained 24 hp, and now have 48/102 hp.
You mangle the two-headed ogre!!
The two-headed ogre is severely wounded.
The two-headed ogre hits you with a +0 dire flail!!
* * * LOW HITPOINT WARNING * * *
The two-headed ogre hits you with a +0 giant club!
* * * LOW HITPOINT WARNING * * *
You take 30 damage, and have 18/102 hp.
MASSIVE DAMAGE!!
You claw the two-headed ogre!
The two-headed ogre is almost dead.
The two-headed ogre barely misses you. x2
You scratch the two-headed ogre. Your claw misses the two-headed ogre.
The two-headed ogre is almost dead.
You scratch the two-headed ogre.
The two-headed ogre is almost dead.
The two-headed ogre hits you with a +0 dire flail!!
* * * LOW HITPOINT WARNING * * *
The two-headed ogre barely misses you.
You take 19 damage, and have 1/102 hp.
You feel much better.
You regained 22 hp, and now have 23/102 hp.
The two-headed ogre attacks as you move away!
The two-headed ogre hits you with a +0 dire flail.
* * * LOW HITPOINT WARNING * * *
The two-headed ogre hits you with a +0 giant club!
* * * LOW HITPOINT WARNING * * *
You take 16 damage, and have 7/102 hp.
You mangle the two-headed ogre!!
You kill the two-headed ogre!
Your Dodging skill increases to level 8!
Your Invocations skill increases to level 6!
Okay, then.
You feel better.
You regained 7 hp, and now have 15/102 hp.
You feel better.
You hear a zap.
Something tries to affect you, but you resist.
You regained 11 hp, and now have 26/102 hp.
You feel better. Something hits you!!
* * * LOW HITPOINT WARNING * * *
You take 17 damage, and have 9/102 hp.
You feel better. Something hits you!
You die...

###... #.....# #
#.....# .##
####.....####..##
#...........#...
###.............#
#......._......# ##
##.#.........h.# .#
#.............)###
.###.<.###.....###†.#
.#.))..# #.....# ##.#
...#†..###.....#
#.'..O.Y.
.###....>......#
###...... .#
#...........# ......
.# #...........#
..... .#
#...........# .....


There were no monsters in sight!

Vanquished Creatures
  Gastronok (D:8)
  Erica (D:8)
  2 two-headed ogres
  Nergalle (D:10)
  Psyche (D:8)
  2 komodo dragons (D:8)
  Sigmund (D:5)
  A wyvern (D:9)
  A wraith (D:10)
  Eustachio (D:5)
  11 yaks
  2 vampire mosquitoes (D:9)
  Menkaure (D:6)
  3 steam dragons
  An acid dragon (D:10)
  4 water moccasins (D:8)
  2 sky beasts
  4 ice beasts
  2 orc warriors
  2 black bears
  An ogre (D:4)
  A centaur (D:9)
  3 phantoms
  Blork the orc (D:4)
  2 kobold brigands
  5 bullfrogs
  A gnoll sergeant (D:9)
  3 scorpions
  12 killer bees
  2 howler monkeys
  3 hounds
  A jelly (D:6)
  2 gnoll boudas
  4 iguanas
  An iron imp (D:10)
  2 sleepcaps
  8 orc wizards
  A hound zombie (D:4)
  A hound skeleton (D:4)
  6 adders
  19 gnolls
  A shadow imp (D:5)
  2 white imps
  An ufetubus (D:5)
  3 worms
  3 dart slugs
  26 orcs
  9 ball pythons
  4 endoplasms
  A giant cockroach (D:1)
  9 goblins
  4 hobgoblins
  5 jackals
  15 kobolds
  3 quokkas
  5 bats
  2 frilled lizards
  2 rats
218 creatures vanquished.

Notes
Turn   | Place    | Note
-------+----------+-------------------------------------------
     0 | D:1      | backslashecho the Troll Shapeshifter began the quest for
                  | the Orb.
     0 | D:1      | Reached XP level 1. HP: 18/18 MP: 0/0
    25 | D:1      | Found a faded altar of an unknown god.
   125 | D:1      | Reached skill level 1 in Fighting
   129 | D:1      | Reached XP level 2. HP: 27/27 MP: 1/1
   282 | D:1      | You fall into a shaft and drop 1 floor!
   295 | D:2      | Reached XP level 3. HP: 33/33 MP: 2/2
   396 | D:2      | Found Rocyeth's Book Emporium.
   451 | D:2      | Reached XP level 4. HP: 34/42 MP: 3/3
   602 | D:2      | Noticed a +0 demon trident
   603 | D:2      | Found Wovuic's Weapon Emporium.
   605 | D:2      | Noticed a +0 triple crossbow
   621 | D:2      | Bought 3 poisoned darts for 23 gold pieces
   639 | D:2      | Found Duixomok's Armour Shoppe.
   688 | D:2      | Found Huovich's General Store.
   688 | D:2      | Found Kairph's Antique Weapon Shoppe.
   692 | D:2      | Bought a scroll of teleportation for 36 gold pieces
  1417 | D:3      | Reached XP level 5. HP: 46/49 MP: 4/4
  1833 | D:4      | Reached skill level 4 in Unarmed Combat
  1877 | D:4      | Noticed a phantom
  1880 | D:4      | Noticed an ogre
  1898 | D:4      | Killed a phantom
  1899 | D:4      | Reached XP level 6. HP: 59/59 MP: 5/5
  2178 | D:4      | Noticed Blork the orc
  2184 | D:4      | Killed Blork the orc
  2269 | D:4      | Reached XP level 7. HP: 67/67 MP: 6/6
  2352 | D:4      | Found a basalt altar of Yredelemnul.
  2660 | D:5      | Entered Level 5 of the Dungeon
  2660 | D:5      | Noticed Sigmund
  2768 | D:5      | Noticed Menkaure
  2798 | D:6      | Reached skill level 5 in Unarmed Combat
  2906 | D:6      | Found a staircase to the Ecumenical Temple.
  2913 | D:6      | Identified the +2 robe "Tifais" {rElec}
  3090 | D:6      | Killed Menkaure
  3091 | D:6      | Reached XP level 8. HP: 78/78 MP: 7/7
  3093 | D:5      | Noticed Eustachio
  3100 | D:5      | Reached skill level 5 in Shapeshifting
  3125 | D:5      | Killed Eustachio
  3391 | D:5      | Reached skill level 6 in Unarmed Combat
  3398 | D:5      | Killed Sigmund
  3504 | Temple   | Entered the Ecumenical Temple
  3520 | Temple   | Became a worshipper of Uskayaw the Reveller
  3541 | D:6      | Reached * piety under Uskayaw
  3543 | D:6      | Reached skill level 5 in Dodging
  3547 | D:6      | Reached ** piety under Uskayaw
  4559 | D:7      | Reached XP level 9. HP: 87/87 MP: 8/8
  4566 | D:7      | Reached *** piety under Uskayaw
  4568 | D:7      | Reached **** piety under Uskayaw
  4573 | D:7      | Reached ***** piety under Uskayaw
  4577 | D:7      | Reached skill level 5 in Fighting
  4671 | D:7      | Noticed Newt's ghost (novice MfFi)
  4678 | D:7      | Found a transporter.
  4686 | D:7      | Identified the +2 giant spiked club of Temperance {speed,
                  | *Corrode rPois rF+}
  4823 | D:7      | Reached skill level 7 in Unarmed Combat
  4823 | D:7      | Reached skill level 1 in Invocations
  5192 | D:7      | Found a faded altar of an unknown god.
  5636 | D:7      | Found a transporter.
  5722 | D:8      | Noticed Erica
  5730 | D:8      | Killed Erica
  5825 | D:8      | Noticed Gastronok
  5835 | D:8      | Killed Gastronok
  5836 | D:8      | Reached skill level 8 in Unarmed Combat
  5836 | D:8      | Reached XP level 10. HP: 96/96 MP: 11/11
  6048 | D:8      | Found a staircase to the Lair.
  6194 | D:8      | Noticed Psyche
  6484 | D:8      | Killed Psyche
  6715 | D:9      | Found Zextyuca's Armour Emporium.
  6736 | D:9      | Bought the +1 hat of the Lost Path {+Blink Fly rPois Int-2}
                  | for 376 gold pieces
  6831 | D:9      | Reached skill level 9 in Unarmed Combat
  6831 | D:9      | Reached skill level 5 in Invocations
  6892 | D:9      | Reached XP level 11. HP: 101/102 MP: 13/13
  6925 | D:9      | Noticed a two-headed ogre
  6931 | D:9      | Killed a two-headed ogre
  7116 | D:10     | Entered Level 10 of the Dungeon
  7116 | D:10     | Found a snail-covered altar of Cheibriados.
  7233 | D:10     | Noticed Nergalle
  7240 | D:10     | Killed Nergalle
  7312 | D:10     | Noticed a two-headed ogre
  7329 | D:10     | Noticed Erolcha
  7343 | D:10     | Reached ****** piety under Uskayaw
  7359 | D:10     | HP: 1/102 [two-headed ogre/+0 dire flail (20)]
  7362 | D:10     | Killed a two-headed ogre
  7366 | D:10     | Slain by Erolcha

Illustrated notes

Levels and vault maps discovered:
D:1:      doesnt_arrival_eight_statues, layout_rooms,
          dreamdust_ecumenical_altar_hidden_monk_grotto, nicolae_wormholes
D:2:      layout_basic, serial_shops, nicolae_shop_pleasant_corner_grove, shop,
          shop, nicolae_shop_mannequins, nicolae_shop_tiny_statue_garden,
          minmay_pentomino_w4
D:3:      layout_basic, kennysheep_decorative_pillar,
          chequers_serial_rivers_large_b, serial_bayou_pond_b
D:4:      layout_loops_cross, mainiacjoe_overflow_alcove_2, serial_undead,
          serial_undead_c, serial_undead_a, serial_undead_c, serial_undead_c,
          uniq_blork_the_orc
D:5:      layout_layer_cave, uniq_menkaure, uniq_sigmund, uniq_eustachio
D:6:      layout_rooms, minmay_temple_entry_sparse_star
D:7:      layout_cave_pods, serial_column_ruins, column_ruins_temple_hut,
          column_ruins_open_tiny, column_ruins_columns_straight,
          column_ruins_open_small, column_ruins_open_medium,
          gammafunk_ghost_smash
D:8:      layout_basic, due_lair_maze_entry_diamond, uniq_gastronok,
          uniq_psyche, uniq_erica
D:9:      layout_roguey, serial_shops, shop
D:10:     layout_roguey, slow_altar_1, minmay_tree_intersection, nicolae_titane,
          uniq_erolcha, uniq_nergalle
Temple:   nicolae_temple_bog_church

Skill      XL: |  1  2  3  4  5  6  7  8  9 10 11 |
---------------+----------------------------------+-----
Fighting       | 1 2 3 4 5 |  5.0
Dodging        | 2 3 4 5 6 7 8 |  8.0
Unarmed Combat | 4 5 6 8 9 |  9.7
Shapeshifting  | 4 5 7 8 |  8.4
Invocations    | 3 5 6 |  6.1

Action                     |  1- 3 |  4- 6 |  7- 9 | 10-12 || total
---------------------------+-------+-------+-------+-------++-------
  Melee: Unarmed           |    69 |   122 |   213 |   180 ||   584
         Punch             |     2 |     2 |     7 |    14 ||    25
  Throw: Dart              |       |     5 |       |       ||     5
  Evoke: Wand              |       |       |     2 |     2 ||     4
    Use: Scroll            |       |     5 |     8 |       ||    13
         Potion            |       |       |     1 |     6 ||     7
   Stab: Sleeping          |     1 |       |     2 |     1 ||     4
         Paralysed         |       |       |     6 |    11 ||    17
 Armour: Animal skin       |    14 |    44 |    63 |    12 ||   133
         Robe              |       |       |       |    23 ||    23
         Skin              |       |       |       |     2 ||     2
  Dodge: Dodged            |    38 |    62 |   111 |   139 ||   350

Table legend: (Time is in decaauts)
 A = Elapsed time spent in this place.
 B = Non-inter-level travel time spent in this place.
 C = Inter-level travel time spent in this place.
 D = Time resting spent in this place.
 E = Time spent auto-exploring this place.
 F = Levels seen in this place.
 G = Mean time per level.
                   A        B        C        D        E       F      G
               +--------+--------+--------+--------+--------+-----+--------+
         Total |   7315 |   6535 |    780 |    454 |   4333 |  11 |  665.0 |
       Dungeon |   7282 |   6518 |    764 |    454 |   4333 |  10 |  728.2 |
        Temple |     32 |     16 |     16 |      0 |      0 |   1 |   32.0 |
               +--------+--------+--------+--------+--------+-----+--------+

Top non-repeatable levels by time:
     D:7: 1155 daAuts
     D:5: 1118 daAuts
     D:8: 969 daAuts
     D:3: 826 daAuts
     D:4: 808 daAuts
     D:2: 655 daAuts
     D:6: 638 daAuts
     D:9: 463 daAuts
     D:1: 444 daAuts
    D:10: 201 daAuts
  Temple: 32 daAuts
